Map: Ever Dream LE

Players

Has

  • Race: Protoss Protoss
  • League: Master
  • Spawn Location: 1:00

cure - Winner!

  • Race: Terran Terran
  • Spawn Location: 7:00

Event: DreamHack SC2 Masters 2020 Summer Season Finals

VOD

Have the link to the VOD?

Description

Time

  • Played on: July 17, 2020, 9:25 a.m.
  • Length: 10:04

All games in this series

Show
View Real Time Build Order
Export as new Build Order

Has Protoss 

Build Orders: Chargelot Immortal, Dark Templar Rush 

Get SALT Encoding   

  12  0:00  Probe  
  13  0:13  Probe  
  14  0:17  Pylon  
  14  0:25  Probe  
  15  0:33  Probe  
  15  0:35  Gateway  
  15  0:41  Probe  
  15  0:42  Assimilator  
  17  0:52  Probe  
  17  0:55  Assimilator  
  18  1:01  Pylon  
  18  1:04  Probe  
  19  1:16  Probe  
  20  1:23  Cybernetics Core  
  20  1:28  Probe  
  21  1:40  Probe  
  22  1:50  Stalker  
  22  1:53  Probe  
  23  1:59  Robotics Facility  
  25  2:01  Warp Gate  
  25  2:05  Probe  
  26  2:17  Shield Battery  
  26  2:23  Pylon  
  26  2:36  Immortal  
  27  2:41  Twilight Council  
  30  3:03  Nexus  
  30  3:18  Dark Shrine  
  30  3:19  Warp Prism  
  29  3:33  Probe  
  32  3:49  Gateway  
  32  3:53  Probe  
  33  3:58  Observer  
  34  4:05  Probe  
  35  4:10  Charge  
  35  4:18  Probe x2  
  37  4:26  Probe  
  37  4:27  Immortal  
  37  4:28  Sentry  
  37  4:30  Probe  
  45  4:33  Pylon x2  
  45  4:36  Probe  
  46  4:45  Observer  
  48  5:00  Immortal, Gateway  
  48  5:01  Gateway  
  48  5:02  Gateway  
  49  5:10  Probe  
  49  5:11  Pylon  
  50  5:17  Zealot x2  
  54  5:23  Pylon  
  54  5:36  Pylon  
  54  5:37  Gateway  
  54  5:40  Immortal, Zealot x2  
  62  5:58  Zealot x2  
  62  6:00  Zealot  
  68  6:11  Zealot x2  
  72  6:21  Zealot x2  
  72  6:22  Zealot  
  52  6:40  Warp Prism  
  52  6:41  Zealot x4  
  52  6:42  Zealot x2  
  64  7:09  Stalker  
  64  7:10  Stalker x3  
  72  7:20  Observer  
  73  7:29  Zealot x2  
  69  7:51  Warp Prism, Zealot x2  
  59  7:52  Zealot x4  
  63  8:03  Probe  
  63  8:05  Observer  
  66  8:10  Sentry, Observer  
  66  8:11  Zealot x2  
  66  8:12  Zealot x3  
  78  8:29  Pylon  
  77  8:45  Zealot x2  
  77  8:46  Zealot x2  
  85  8:52  Zealot x2  
  89  9:08  Zealot x2  
  93  9:10  Pylon  
  93  9:12  Pylon  
  63  9:28  Zealot x6  
  61  9:50  Zealot x4  
Show
View Real Time Build Order
Export as new Build Order

cure Terran - Winner!

Build Orders: Reaper Expand 

Get SALT Encoding   

  12  0:00  SCV  
  13  0:12  SCV  
  14  0:17  Supply Depot  
  14  0:25  SCV  
  15  0:38  SCV  
  15  0:40  Barracks  
  16  0:42  Refinery  
  16  0:50  SCV  
  17  1:03  SCV  
  18  1:15  SCV  
  19  1:27  Reaper, Orbital Command  
  20  1:40  Command Center  
  20  1:47  Supply Depot  
  20  1:53  SCV  
  21  1:58  Marine  
  22  2:05  SCV  
  23  2:09  Factory  
  23  2:17  SCV  
  23  2:19  Bunker  
  23  2:21  Barracks Reactor  
  24  2:29  SCV  
  25  2:32  Refinery  
  25  2:41  SCV  
  26  2:54  Orbital Command  
  26  2:55  SCV  
  26  2:56  Factory Tech Lab  
  26  2:57  Marine x2  
  29  3:07  SCV  
  30  3:15  Marine x2  
  32  3:20  SCV  
  32  3:22  SCV  
  32  3:23  Starport  
  34  3:27  Siege Tank  
  37  3:36  Marine x2  
  37  3:39  Orbital Command  
  37  3:40  SCV  
  37  3:41  SCV  
  40  3:45  Bunker  
  40  3:48  Supply Depot  
  40  3:53  SCV  
  40  3:54  Marine x2  
  43  4:05  Factory Tech Lab  
  43  4:08  Raven  
  43  4:09  SCV x2  
  47  4:12  Supply Depot  
  47  4:15  Marine x2  
  49  4:21  SCV  
  49  4:22  SCV  
  50  4:27  Engineering Bay  
  50  4:32  Bunker  
  50  4:33  Siege Tank  
  50  4:34  Marine  
  50  4:37  SCV x2  
  56  4:46  Marine  
  57  4:57  Missile Turret  
  57  4:59  Supply Depot  
  57  5:05  Supply Depot  
  57  5:15  Barracks  
  57  5:16  Barracks  
  57  5:19  Supply Depot  
  57  5:20  SCV, Marine, Siege Tank  
  62  5:24  Supply Depot  
  62  5:26  SCV, Marine  
  62  5:28  Viking  
  66  5:31  Supply Depot  
  66  5:32  SCV  
  66  5:34  Terran Infantry Weapons Level 1  
  67  5:36  Missile Turret  
  67  5:38  SCV, Marine  
  67  5:41  Supply Depot  
  69  5:44  Marine  
  69  5:46  SCV  
  71  5:51  SCV  
  72  5:58  SCV, Starport Reactor  
  72  5:59  Supply Depot  
  72  6:03  SCV  
  74  6:05  Marine x2  
  74  6:07  Stimpack  
  74  6:08  Factory Reactor  
  74  6:10  SCV  
  74  6:11  Marine  
  78  6:14  Supply Depot, Refinery  
  78  6:15  SCV, Refinery  
  78  6:16  Marine  
  80  6:23  Marine x2  
  80  6:25  Combat Shield  
  82  6:26  Supply Depot  
  82  6:27  Supply Depot  
  82  6:28  SCV x2, Marine  
  80  6:34  Marine  
  65  6:40  Marine x2  
  65  6:44  Medivac  
  65  6:46  Marine  
  67  6:49  Orbital Command  
  67  6:50  SCV x2  
  67  6:52  Marine  
  69  6:55  Medivac  
  69  6:58  Marine x2  
  73  7:04  Marine  
  74  7:09  SCV  
  74  7:10  Marine  
  76  7:16  SCV  
  76  7:21  Missile Turret  
  77  7:25  SCV  
  77  7:26  Marine  
  77  7:28  SCV, Terran Infantry Armor Level 1  
  80  7:32  Orbital Command  
  80  7:36  Marauder  
  82  7:37  SCV  
  82  7:38  Marauder  
  72  7:51  SCV  
  72  7:55  Marine x2  
  72  7:56  Medivac  
  74  8:01  Marine x2  
  74  8:03  SCV  
  77  8:08  Refinery  
  77  8:09  Liberator  
  80  8:13  Widow Mine  
  80  8:15  SCV x2  
  80  8:16  Marine  
  80  8:17  Marine  
  86  8:20  Widow Mine  
  86  8:24  Supply Depot  
  86  8:27  Supply Depot  
  86  8:31  Marauder x2  
  90  8:34  Widow Mine  
  90  8:41  Marine x2  
  93  8:49  Widow Mine  
  93  8:50  Medivac  
  96  9:03  Marauder x2, Marine x2  
  96  9:06  Orbital Command  
  99  9:22  Marine x2  
  87  9:25  Marauder x2  
  87  9:30  Missile Turret  
  85  9:37  SCV x2  
  79  9:50  SCV x2  
  79  9:52  Refinery  
  88  9:54  Refinery  
Tags
 
Add a new tag
Caveats
  • Supply blocks, unpowered buildings, or Contaminate may cause inaccurate times.
  • Supply counts are checked every 10 seconds.